 Dungeon Crawl Stone Soup version 0.30.0-18-gc0e69614cb (webtiles) character file.

Game seed: 4595293212602822266

3346 sampeng1 the Cleaver (level 9, 0/82 HPs)
             Began as a Minotaur Berserker on May 25, 2023.
             Was an Elder of Trog.
             Killed from afar by an acid dragon (16 damage)
             ... with a splash of acid
             ... on level 8 of the Dungeon.
             The game lasted 00:17:11 (5575 turns).

sampeng1 the Cleaver (Minotaur Berserker)           Turns: 5575, Time: 00:17:12

Health: 0/82       AC: 13    Str: 27    XL:     9   Next: 72%
Magic:  8/8        EV: 13    Int:  4    God:    Trog [****..]
Gold:   408        SH:  9    Dex:  9    Spells: 8/8 levels left

rFire   + . .        s - +0 war axe (protect)
rCold   x . .        e - +0 kite shield
rNeg    . . .        y - +0 steam dragon scales
rPois   .            (helmet restricted)
rElec   .            (no cloak)
rCorr   .            p - +2 pair of gloves
SInv    .            (no boots)
Will    .....        (no amulet)
Stlth   +            d - +4 ring of slaying
HPRegen 0.33/turn    n - ring of fire
MPRegen 0.11/turn

%: no passive effects
@: corroded, under a protective aura
A: horns 2, retaliatory headbutt
a: Renounce Religion, Berserk, Trog's Hand, Brothers in Arms


You were on level 8 of the Dungeon.
You worshipped Trog.
Trog was greatly pleased with you.
You visited 1 branch of the dungeon, and saw 8 of its levels.

You collected 408 gold pieces.

Inventory:

Hand Weapons
 s - a +0 war axe of protection (weapon)
Missiles
 a - 14 boomerangs (quivered)
 u - a throwing net
Armour
 b - a +0 animal skin
 e - a +0 kite shield (worn)
 j - a +0 scale mail
 p - a +2 pair of gloves (worn)
 y - +0 steam dragon scales (worn)
Jewellery
 d - a +4 ring of slaying (left hand)
 n - a ring of fire (right hand)
Wands
 q - a wand of flame (15)
 v - a wand of light (3)
 w - a wand of paralysis (8)
Scrolls
 c - a scroll of identify
 h - a scroll of magic mapping
 l - a scroll of brand weapon
 m - 3 scrolls of immolation
 t - a scroll of enchant armour
 x - a scroll of acquirement {unknown}
Potions
 f - 5 potions of curing
 g - a potion of mutation
 i - 2 potions of degeneration
 k - a potion of heal wounds
 o - a potion of magic
 r - 2 potions of lignification
 z - a potion of might {unknown}


   Skills:
 + Level 8.4 Fighting
 + Level 8.5 Axes
 + Level 7.9 Armour
 + Level 7.2 Dodging
 + Level 6.4 Shields


You had 8 spell levels left.
You didn't know any spells.
Your spell library was empty.

Dungeon Overview and Level Annotations

Branches:
Dungeon (8/15)             Temple (0/1) D:7
   Lair: D:8-11

Altars:
Hepliaklqana
Nemelex Xobeh
Okawaru
Trog
Wu Jian

Annotations:
D:8 Erica


Innate Abilities, Weirdness & Mutations

You have a pair of horns on your head.
You reflexively headbutt those who attack you in melee.


Message History

Erica gestures at you while chanting. You resist with significant effort.
The acid dragon spits acid at you. The splash of acid hits you!!
The acid corrodes you!
You barely miss Erica. You headbutt Erica.
Erica is lightly wounded.
Erica points at you and mumbles some strange words.
The lance of force hits you!
You are knocked back by the lance of force.
A wraith comes into view.
The wraith moves out of view.
Erica screams, "Do you want it fast or slow?!"
You block Erica's attack.
You hit Erica.
Your weapon exudes an aura of protection.
Your headbutt misses Erica.
Erica is lightly wounded.
You hit the acid dragon. You block Erica's attack. The acid dragon bites you!
The acid dragon claws you.
You slash Erica! Your headbutt misses Erica.
Erica is heavily wounded.
You closely miss the acid dragon.
Erica hits you with a +2 scimitar of flaming.
Erica burns you. You block the acid dragon's attack. x2
You barely miss Erica. You headbutt Erica!
Erica is severely wounded.
You slash the acid dragon! The acid dragon spits acid at you.
The splash of acid misses you.
Erica casts a spell.
Erica flickers and vanishes!
Deactivating autopickup; reactivate with Ctrl-A.
You closely miss something. You closely miss the acid dragon.
Something hits you!
* * * LOW HITPOINT WARNING * * *
Something burns you.
* * * LOW HITPOINT WARNING * * *
The acid dragon spits acid at you. The splash of acid hits you!
You die...

# #. ##. #?.
#.# # #.#.#
##{#.#.#.#
######.@DW....=
........#.#.#.#
###.##..#.# #
##.### #
###..##
#.#.##..##
..........# ###
#....(...## #.#
#####....# #.#


You could see a wraith and an acid dragon (catching breath).

Vanquished Creatures
  Maggie (D:7)
  5 humans (D:7)
  Duvessa (D:5)
  A water moccasin (D:6)
  An ice beast (D:4)
  2 black bears
  3 centaurs
  A phantom (D:7)
  A bullfrog (D:4)
  5 scorpions
  5 wights (D:7)
  Dowan (D:5)
  5 killer bees (D:7)
  An orc priest (D:5)
  4 jellies
  A gnoll bouda (D:6)
  2 hounds (D:5)
  A sleepcap (D:6)
  8 orc wizards
  7 adders
  9 gnolls
  A white imp (D:7)
  An ufetubus (D:7)
  2 worms
  A dart slug (D:2)
  27 orcs
  5 endoplasms
  2 giant cockroaches
  2 goblins
  4 hobgoblins
  A jackal (D:2)
  6 quokkas
  9 ball pythons
  5 bats
  3 frilled lizards
  6 kobolds
  5 rats
145 creatures vanquished.

Notes
Turn   | Place    | Note
-------+----------+-------------------------------------------
     0 | D:1      | sampeng1 the Minotaur Berserker began the quest for the
                  | Orb.
     0 | D:1      | Reached XP level 1. HP: 19/19 MP: 0/0
   102 | D:1      | Reached XP level 2. HP: 27/27 MP: 1/1
   829 | D:2      | Reached XP level 3. HP: 27/33 MP: 2/2
  1430 | D:3      | Found a sparkling altar of Nemelex Xobeh.
  1437 | D:3      | Reached ** piety under Trog
  1646 | D:3      | Reached XP level 4. HP: 38/41 MP: 3/3
  1933 | D:4      | Noticed a scorpion
  1937 | D:4      | Killed a scorpion
  1938 | D:4      | Reached XP level 5. HP: 47/47 MP: 4/4
  2103 | D:4      | Reached skill level 5 in Fighting
  2103 | D:4      | Reached skill level 5 in Axes
  2103 | D:4      | Reached XP level 6. HP: 47/56 MP: 5/5
  2166 | D:4      | Noticed an ice beast
  2172 | D:4      | Killed an ice beast
  2173 | D:4      | Reached skill level 1 in Shields
  2372 | D:4      | Found a hazy altar of Hepliaklqana.
  2569 | D:5      | Entered Level 5 of the Dungeon
  2577 | D:5      | Reached *** piety under Trog
  2578 | D:5      | Reached XP level 7. HP: 61/61 MP: 6/6
  2580 | D:5      | Reached skill level 5 in Armour
  2778 | D:5      | Found an ornate altar of the Wu Jian Council.
  2778 | D:5      | Found a faded altar of an unknown god.
  2787 | D:5      | Found a bloodstained altar of Trog.
  2789 | D:5      | Found an iron altar of Okawaru.
  2791 | D:5      | Found a faded altar of an unknown god.
  2877 | D:5      | Noticed Duvessa
  2877 | D:5      | Noticed Dowan
  2888 | D:5      | Killed Duvessa
  2889 | D:5      | Killed Dowan
  3090 | D:5      | Reached skill level 5 in Dodging
  3137 | D:5      | Reached XP level 8. HP: 68/71 MP: 7/7
  3669 | D:6      | Reached **** piety under Trog
  4036 | D:7      | Reached skill level 5 in Shields
  4212 | D:7      | Reached XP level 9. HP: 79/79 MP: 8/8
  4335 | D:7      | Noticed Maggie
  4344 | D:7      | Killed Maggie
  4868 | D:7      | Found a staircase to the Ecumenical Temple.
  5565 | D:8      | Noticed Erica
  5575 | D:8      | Killed from afar by an acid dragon

Illustrated notes

Levels and vault maps discovered:
D:1:      onia_arrival_handbag, layout_loops_cross,
          hangedman_abyss_or_decor_lesser_grid
D:2:      layout_basic, minmay_pentomino_p4
D:3:      layout_basic, mainiacjoe_overflow_brackets
D:4:      layout_rooms, nicolae_hepliaklqana_hazy_memory,
          minmay_misc_feat_secret_circle
D:5:      layout_loops_cross, chequers_temple_overflow_minitemple, uniq_duvessa
D:6:      layout_cave_pools
D:7:      layout_basic, minmay_temple_entry_from_below_b, chequers_arboretum,
          minmay_ruffians, uniq_maggie
D:8:      minmay_the_grid_octo_triangle [minmay_the_grid_octo_concentric,
          minmay_the_grid_octo_prize_square_snowflake,
          minmay_the_grid_octo_teeth], layout_basic, serial_aquarium,
          aquarium_bridge_straight [aquarium_subvault_bridge,
          aquarium_subvault_balcony, aquarium_subvault_bridge,
          aquarium_subvault_balcony], aquarium_bridge_straight
          [aquarium_subvault_bridge, aquarium_subvault_window,
          aquarium_subvault_bridge, aquarium_subvault_balcony],
          aquarium_window_1, aquarium_window_corridor_1, aquarium_window_1,
          aquarium_window_fake, aquarium_view_2f, aquarium_view_2c,
          aquarium_balcony_3a, aquarium_pool_corner,
          nicolae_ossuary_entry_ruins, uniq_psyche, uniq_erica

Skill      XL: |  1  2  3  4  5  6  7  8  9 |
---------------+----------------------------+-----
Fighting       | 4 5 6 7 8 |  8.4
Axes           | 4 5 6 7 8 |  8.5
Armour         | 3 4 5 6 7 |  7.9
Dodging        | 3 4 5 6 7 |  7.2
Shields        | 1 3 5 6 |  6.4

Action                     |  1- 3 |  4- 6 |  7- 9 || total
---------------------------+-------+-------+-------++-------
  Melee: Hand axe          |    62 |    29 |       ||    91
         Headbutt          |     4 |     9 |    32 ||    45
         War axe           |       |    20 |   163 ||   183
 Invoke: Berserk           |       |       |     1 ||     1
    Use: Scroll            |     7 |     5 |     4 ||    16
         Potion            |     4 |     1 |       ||     5
   Stab: Invisible         |       |     1 |       ||     1
 Armour: Animal skin       |     4 |       |       ||     4
         Leather armour    |     2 |       |       ||     2
         Scale mail        |     7 |    21 |    53 ||    81
         Ring mail         |     2 |       |       ||     2
         Steam dragon scal |       |       |    21 ||    21
  Dodge: Dodged            |    32 |    21 |    90 ||   143
  Block: Kite shield       |    13 |    10 |    94 ||   117
